 Dungeon Crawl Stone Soup version 0.27.1 (webtiles) character file.

Game seed: 13917466316658470906

247451 Malachi the Whirler (level 19, -32/178 (186) HPs)
             Began as a Naga Berserker on Aug 24, 2021.
             Was a High Priest of Trog.
             Killed from afar by a deep elf sorcerer (49 damage)
             ... with damnation
             ... on level 3 of the Elven Halls.
             The game lasted 01:11:47 (37665 turns).

Malachi the Whirler (Naga Berserker)               Turns: 37665, Time: 01:11:48

HP:   -32/178 (186) AC: 32    Str: 26    XL:     19   Next: 99%
MP:   19/19         EV:  8    Int: 14    God:    Trog [*****.]
Gold: 331           SH: 22    Dex: 28    Spells: 18/18 levels left

rFire    . . .     SeeInvis +   a - +8 hunting sling of the People {vorpal, Dex+3}
rCold    . . .     Faith    .   S - +1 kite shield {reflect}
rNeg     . . .     Spirit   .   B - +6 chain mail of the Lily {rElec rC- Will+ Dex+3}
rPois    +         Reflect  +   O - +0 mask of the Dragon {Will+ Slay+3 SInv}
rElec    +         Harm     +   v - scarf {harm}
rCorr    .         Rampage  .   f - +2 pair of gloves {Str+3}
Will     +++++     Clarity  +   N - +4 barding {rC+}
Stlth    +.........             e - amulet of Wonah {Reflect rElec Int+7 SH+5}
HPRegen  1.39/turn              l - +4 ring of slaying
MPRegen  0.16/turn              P - +6 ring of dexterity

@: strong-willed, regenerating, lightly drained, very slow
A: AC +6, large, see invisible, deformed body, poison resistance, slowness 2,
spit poison 1, naga tail 2, stinger 1, clarity, MP-powered wands
}: 1/15 runes: serpentine
a: Spit Poison, Renounce Religion, Berserk, Trog's Hand, Brothers in Arms


You were on level 3 of the Elven Halls.
You worshipped Trog.
Trog was extremely pleased with you.
You visited 5 branches of the dungeon, and saw 30 of its levels.
You also visited: Ice Cave.

You collected 3683 gold pieces.
You spent 3352 gold pieces at shops.

Inventory:

Hand Weapons
 a - the +8 hunting sling of the People (weapon) {vorpal, Dex+3}
   (You acquired it on level 2 of the Dungeon)

   Any ammunition fired from it inflicts extra damage upon your enemies.
   Dex:       It affects your dexterity (+3).
 T - the +5 great mace of Iloocoiq {vorpal, Will+ Dex+2}
   (Trog gifted it to you on level 4 of the Snake Pit)

   It inflicts extra damage upon your enemies.
   Dex:       It affects your dexterity (+2).
   Will:      It increases your willpower.
 U - the +8 war axe of Recklessness {freeze, Drain +Rage rC+++}
   (You found it on level 2 of the Snake Pit)

   It freezes those it strikes, dealing additional cold damage.
   It can also slow down cold-blooded creatures.
   rC:        It renders you almost immune to cold.
   +Rage:     It lets you go berserk.
   Drain:     It drains your maximum health when unequipped.
 W - the +10 falchion of Ornamental Prudence {protect, Int-4 Dex+4 Stlth+}
   (You took it off a deep elf knight on level 1 of the Elven Halls)

   It grants its wielder temporary protection when it strikes (+7 to AC).
   Int:       It affects your intelligence (-4).
   Dex:       It affects your dexterity (+4).
   Stlth:     It makes you more stealthy.
Missiles
 g - 507 stones (quivered ammo)
 q - 154 sling bullets
 y - 4 silver javelins
Armour
 f - a +2 pair of gloves of strength (worn)
 v - a scarf of harm (worn)
 B - the +6 chain mail of the Lily (worn) {rElec rC- Will+ Dex+3}
   (You bought it in a shop on level 2 of the Orcish Mines)

   Dex:       It affects your dexterity (+3).
   rC:        It makes you vulnerable to cold.
   rElec:     It insulates you from electricity.
   Will:      It increases your willpower.
 J - the +1 scale mail "Suiwetiy" {*Corrode rElec Dex+4}
   (You bought it in a shop on level 3 of the Elven Halls)

   Dex:       It affects your dexterity (+4).
   rElec:     It insulates you from electricity.
   *Corrode:  It may corrode you when you take damage.
 M - a +3 chain mail of cold resistance
 N - a +4 barding of cold resistance (worn)
 O - the +0 mask of the Dragon (worn) {Will+ Slay+3 SInv}
   (You found it on level 15 of the Dungeon)

   Slay:      It affects your accuracy & damage with ranged weapons and melee
   (+3).
   SInv:      It lets you see invisible.
   Will:      It increases your willpower.
 S - a +1 kite shield of reflection (worn)
 V - a +1 cloak of preservation
 X - +0 shadow dragon scales
Jewellery
 e - the amulet of Wonah (around neck) {Reflect rElec Int+7 SH+5}
   (You bought it in a shop on level 3 of the Elven Halls)

   [amulet of reflection]

   It reflects blocked missile attacks.
   Int:       It affects your intelligence (+7).
   rElec:     It insulates you from electricity.
   SH:        It affects your SH (+5).
 l - a +4 ring of slaying (left hand)
 p - a ring of protection from cold
 s - a ring of positive energy
 C - an amulet of reflection
 K - an amulet of magic regeneration
 P - a +6 ring of dexterity (right hand)
 Q - an amulet of regeneration
 R - an amulet of guardian spirit
 Y - a ring of ice
Wands
 j - a wand of polymorph (17)
 m - a wand of mindburst (36)
 n - a wand of digging (18)
 o - a wand of flame (67)
 r - a wand of acid (26)
 x - a wand of paralysis (16)
 D - a wand of charming (7)
 G - a wand of iceblast (92)
Scrolls
 d - 14 scrolls of teleportation
 i - 13 scrolls of identify
 w - 2 scrolls of enchant weapon
 E - 9 scrolls of magic mapping
 L - a scroll of fear
Potions
 b - 12 potions of curing
 h - 8 potions of lignification
 k - 2 potions of resistance
 t - a potion of flight
 u - 2 potions of cancellation
 z - 3 potions of heal wounds
 A - 8 potions of might
 Z - a potion of mutation
Miscellaneous
 F - a box of beasts (inert)
 H - a condenser vane (inert)
 I - a phial of floods (inert)


   Skills:
 - Level 15.0 Fighting
 + Level 5.6 Maces & Flails
 + Level 19.1 Slings
 + Level 9.4 Armour
 - Level 4.1 Dodging
 + Level 4.9 Stealth
 - Level 15.0 Shields
 * Level 13.2 Evocations


You had 18 spell levels left.
You didn't know any spells.
Your spell library contained the following spells:

 Spells                   Type           Power      Damage    Failure   Level
 Foxfire                  Conj/Fire      0%         2x1d4     80%         1
 Conjure Flame            Conj/Fire      0%         6-21      99%         3
 Inner Flame              Hex/Fire       0%         N/A       99%         3
 Summon Guardian Golem    Hex/Summ       0%         N/A       99%         3
 Cause Fear               Hex            0%         N/A       100%        4
 Dragon Form              Tmut           0%         N/A       100%        7
 Orb of Destruction       Conj           0%         N/A       100%        7
 Spellforged Servitor     Conj/Summ      0%         N/A       100%        7
 Dragon's Call            Summ           0%         N/A       100%        9


Dungeon Overview and Level Annotations

Branches:
Dungeon (15/15)            Temple (0/1) D:4            Lair (6/6) D:8
  Swamp (0/4) Lair:4        Snake (4/4) Lair:2        Slime (0/5) Lair:6
    Orc (2/2) D:12            Elf (3/3) Orc:2        Vaults (0/5) D:13
 Depths (0/5) D:15          IceCv (visited)

Altars:
Cheibriados
Fedhas
Gozag
Hepliaklqana
Okawaru
Sif Muna
Vehumet
Wu Jian
Yredelemnul
Zin
The Shining One
Beogh
Jiyva

Shops:
D:5 !!?(   D:7 :??*   D:14 :   D:15 *   Orc:2 :*[**   Elf:3 [*[[=[(?
Snake:1 (   Snake:4 ?

Portals:
Trove: Elf:2 (give 15 potions of curing)

Annotations:
D:15 3 runed translucent doors, exclusion: 3 doors, Purphixowk's ghost, journeyman DsGl


Innate Abilities, Weirdness & Mutations

Your serpentine skin is tough. (AC +6)
You have supernaturally acute eyesight. (SInv)
Armour fits poorly on your strangely shaped body.
Your system is resistant to poisons. (rPois)
You cover ground very slowly.
You can spit poison.
You can use your snake-like lower body to constrict enemies.
Your tail ends in a poisonous barb.
You possess an exceptional clarity of mind.
You expend magic power (3 MP) to strengthen your wands.


Message History

Unknown command.
You feel much better.
You are no longer corroded.
You block the deep elf elementalist's attack.
The deep elf sorcerer wildly gestures.
The deep elf sorcerer shimmers violently.
The deep elf sorcerer points at you and mumbles some strange words.
The bolt of acid hits you!!
* * * LOW HITPOINT WARNING * * *
You are splashed with acid!
* * * LOW HITPOINT WARNING * * *
The bolt of acid hits your mature oxshock beast!!!
Your mature oxshock beast is splashed with acid.
Your mature oxshock beast seems to be corroded for longer.
Your mature oxshock beast dies!
Your mature oxshock beast's corpse disappears in a puff of smoke!
A deep elf master archer comes into view.
The deep elf elementalist gestures at you while chanting.
Some walls begin to move on their own!
You hear a shout! x2
As you read the scroll of fear, it crumbles to dust.
You assume a fearsome visage.
The earth elemental is unaffected.
The deep elf sorcerer easily resists.
The deep elf elementalist easily resists.
The deep elf master archer looks frightened!
The deep elf sorcerer resists with some effort.
The deep elf high priest looks frightened!
The deep elf sorcerer hits you but does no damage.
The deep elf elementalist is empowered by the deep elf high priest's aura!
You block the deep elf sorcerer's attack.
Blink to where?
Press: ? - help, Dir - move target, p - deep elf elementalist
As you read the scroll of blinking, it crumbles to dust.
Your deep troll goes berserk!
You feel the effects of Trog's Hand fading.
Your skin crawls.
You feel strong-willed.
The deep elf sorcerer gestures at you while chanting.
The sphere of damnation explodes!
The damnation engulfs you!!!
You die...

..# ###.#.##E!#
.(#
###..∩..##e.#
#.#
###...#.#.)).##
#.#
#...........##
#.#
#........ee.#
..#
#...........#
...
+....)......#
##
#...........#
#....@T.....#
#...........#
###
###.......###
.8## +##...#+#
⌠..# ##### .8.#
⌠..# ##
.8'######
##...#..+##


You could see 2 deep elf sorcerers, a deep elf elementalist (fast, empowered,
repels missiles, ally target) and a friendly deep troll (summoned, berserk).

Vanquished Creatures
  Jorgrun (Elf:1)
  Asterion (Snake:4)
  A deep elf blademaster (Elf:3)
  Agnes (Snake:4)
  A shadow dragon (Elf:1)
  Gastronok (Lair:3)
  Donald (Snake:2)
  5 nagarajas
  3 deep elf sorcerers
  Aizul (Snake:2)
  2 orc warlords
  Louise (D:14)
  2 deep elf elementalists (Elf:3)
  An ironbound preserver (D:13)
  Azrael (Orc:2)
  Nessos (Orc:2)
  3 deep elf demonologists
  A deep elf annihilator (Elf:3)
  A dire elephant (Lair:6)
  A blizzard demon (IceCv)
  3 deep elf death magi
  A fire dragon (Elf:1)
  Josephine (D:14)
  4 deep elf high priests
  3 salamander tyrants (Snake:4)
  14 naga warriors
  5 boulder beetles
  A great orb of eyes (D:15)
  A caustic shrike simulacrum (IceCv)
  11 hydras
  A rakshasa (D:15)
  30 dancing weapons
  5 centaur warriors
  15 anacondas
  7 two-headed ogres
  An orc high priest (Elf:2)
  7 death yaks
  Urug (Lair:6)
  11 naga sharpshooters
  6 shock serpents
  Nergalle (Lair:1)
  24 deep elf knights
  5 salamander mystics (Snake:4)
  9 skeletal warriors
  A goliath frog (shapeshifter) (D:15)
  A bog body (IceCv)
  An obsidian statue (IceCv)
  15 deep elf archers
  A harpy (shapeshifter) (Elf:1)
  Pikel (D:9)
  A wizard (D:15)
  2 naga ritualists
  An orc knight (D:15)
  36 deep elf zephyrmancers
  7 ugly things (D:15)
  5 mana vipers
  40 deep elf pyromancers
  3 oklob plants (Lair:2)
  A salamander (shapeshifter) (D:14)
  11 orc sorcerers
  8 cyclopes
  20 salamanders
  17 elephants
  7 guardian serpents
  14 naga magi
  8 cane toads
  23 black mambas
  2 guardian serpents (shapeshifter)
  An ice statue (Snake:1)
  3 torpor snails
  A gargoyle (D:12)
  9 komodo dragons
  An unseen horror (D:13)
  A freezing wraith (IceCv)
  A rime drake (Lair:6)
  A kobold demonologist (D:12)
  A golden dragon simulacrum (IceCv)
  4 ice devils (IceCv)
  11 entropy weaver simulacra (IceCv)
  8 trolls
  6 polar bears
  14 slime creatures
  A wolf spider simulacrum (D:14)
  A tyrant leech (Lair:4)
  14 blink frogs
  Sigmund (D:3)
  2 dire elephant simulacra (IceCv)
  An air elemental (Elf:2)
  A shadow (D:13)
  5 wraiths
  3 wyverns
  7 spriggan simulacra (IceCv)
  A water elemental (Elf:2)
  24 yaks
  A basilisk (Lair:3)
  10 fire elementals
  A vampire mosquito (D:13)
  A swamp worm (Lair:4)
  10 minotaur simulacra (IceCv)
  39 nagas
  9 wargs
  2 harpy simulacra (IceCv)
  Edmund (D:4)
  2 acid dragons
  3 hell hounds (Orc:2)
  A floating eye (Elf:2)
  Duvessa (D:7)
  9 water moccasins
  17 orc warriors
  2 hornet zombies
  2 black bears
  An alligator simulacrum (IceCv)
  26 wolves
  A necrophage (D:8)
  11 centaurs
  2 ogres
  3 phantoms
  3 lemures (D:9)
  8 kobold brigands
  10 bullfrogs
  7 earth elementals
  A water moccasin zombie (D:6)
  7 deep troll simulacra (IceCv)
  Dowan (D:7)
  2 lindwurm simulacra (IceCv)
  4 killer bees (D:8)
  7 wights
  5 electric eels
  6 howler monkeys
  A centaur zombie (D:8)
  3 gnoll shamans
  3 hounds
  2 centaur skeletons
  10 orc priests
  4 jellies
  Crazy Yiuf (D:2)
  2 bullfrog skeletons
  3 iguanas (D:5)
  41 orc wizards
  Ijyb (D:5)
  Natasha (thrice) (D:3)
  6 hell rats (Lair:6)
  3 killer bee zombies
  A howler monkey zombie (D:9)
  10 gnolls
  A howler monkey skeleton (D:5)
  5 adders
  A river rat (D:5)
  A white imp (D:5)
  3 ufetubi
  8 worms
  4 dart slugs
  101 orcs
  8 ball pythons
  8 endoplasms
  4 giant cockroaches
  6 goblins
  8 hobgoblins
  3 quokkas
  8 bats
  A frilled lizard (D:2)
  38 kobolds
  2 rats
1066 creatures vanquished.

Vanquished Creatures (collateral kills)
  An iron dragon (Elf:1)
  A fire dragon (Elf:1)
  A blizzard demon (IceCv)
  A boulder beetle (D:12)
  A catoblepas (Lair:6)
  A deep troll shaman (Lair:6)
  2 death yaks (Lair:6)
  A skeletal warrior (D:13)
  An orc sorcerer (Orc:1)
  3 elephants (Lair:6)
  A hydra simulacrum (IceCv)
  8 orc warriors (Orc:1)
  A hell hound (Orc:2)
  An orc priest (Orc:1)
  An orc wizard (Orc:1)
  4 orcs (Orc:1)
29 creatures vanquished.

Vanquished Creatures (others)
  Nikola (Snake:4)
  A deep elf knight (Elf:1)
  2 deep elf zephyrmancers
  A kobold brigand (D:12)
  13 fungi
  42 plants
60 creatures vanquished.

Grand Total: 1155 creatures vanquished

Notes
Turn   | Place    | Note
-------+----------+-------------------------------------------
     0 | D:1      | Malachi the Naga Berserker began the quest for the Orb.
     0 | D:1      | Reached XP level 1. HP: 21/21 MP: 1/1
   645 | D:1      | Reached XP level 2. HP: 28/28 MP: 2/2
  1115 | D:2      | Identified a scroll of acquirement
  1252 | D:2      | Reached XP level 3. HP: 31/34 MP: 3/3
  1459 | D:2      | Reached skill level 1 in Stealth
  1511 | D:2      | Found a runed translucent door.
  1512 | D:2      | Noticed Crazy Yiuf
  1819 | D:2      | Found a faded altar of an unknown god.
  1862 | D:2      | Reached XP level 4. HP: 37/42 MP: 4/4
  2235 | D:2      | Reached ** piety under Trog
  2497 | D:2      | Killed Crazy Yiuf
  2514 | D:2      | Acquired the +8 hunting sling of the People {vorpal, Dex+3}
  2807 | D:3      | Found an opulent altar of Gozag.
  2843 | D:3      | Noticed Natasha
  2849 | D:3      | Killed Natasha
  2850 | D:3      | Reached XP level 5. HP: 37/50 MP: 5/5
  2861 | D:3      | Noticed Natasha
  2863 | D:3      | Killed Natasha
  2952 | D:3      | Noticed Sigmund
  2966 | D:3      | Killed Sigmund
  2967 | D:3      | Reached skill level 5 in Maces & Flails
  2967 | D:3      | Reached skill level 1 in Slings
  2967 | D:3      | Reached XP level 6. HP: 28/57 MP: 6/6
  3320 | D:3      | Noticed Natasha
  3325 | D:3      | Killed Natasha
  3515 | D:3      | Reached XP level 7. HP: 64/64 MP: 7/7
  3791 | D:3      | Found a snail-covered altar of Cheibriados.
  3792 | D:3      | Found a basalt altar of Yredelemnul.
  4084 | D:4      | Found a staircase to the Ecumenical Temple.
  4087 | D:4      | Reached skill level 2 in Slings
  4111 | D:4      | Noticed Edmund
  4124 | D:4      | Killed Edmund
  4125 | D:4      | Reached skill level 3 in Slings
  4308 | D:4      | Reached skill level 4 in Slings
  4316 | D:4      | Reached *** piety under Trog
  4433 | D:4      | Reached XP level 8. HP: 73/73 MP: 8/8
  4550 | D:4      | Found a radiant altar of Vehumet.
  5016 | D:4      | Gained mutation: You are weak. (Str -2) [potion of
                  | mutation]
  5016 | D:4      | Gained mutation: You sometimes lose the ability to read
                  | scrolls when taking damage. [potion of mutation]
  5016 | D:4      | Gained mutation: You expend magic power (3 MP) to
                  | strengthen your wands. [potion of mutation]
  5016 | D:4      | Gained mutation: Your tail ends in a poisonous barb.
                  | [potion of mutation]
  5018 | D:5      | Entered Level 5 of the Dungeon
  5033 | D:5      | Found a glowing golden altar of the Shining One.
  5059 | D:5      | Reached skill level 5 in Slings
  5094 | D:5      | Found a glowing silver altar of Zin.
  5180 | D:5      | Found a shimmering blue altar of Sif Muna.
  5427 | D:5      | Found Omatug's Distillery.
  5502 | D:5      | Found Lekkan Qaim's Antique Weapon Emporium.
  5551 | D:5      | Noticed Ijyb
  5563 | D:5      | Killed Ijyb
  5707 | D:5      | Found Haunouh's Distillery.
  6036 | D:5      | Found Parag's Magic Scroll Emporium.
  6098 | D:6      | Reached skill level 6 in Slings
  6106 | D:6      | Reached skill level 5 in Fighting
  6350 | D:6      | Reached XP level 9. HP: 81/81 MP: 9/9
  6617 | D:6      | Reached skill level 7 in Slings
  6802 | D:6      | Found an iron altar of Okawaru.
  7387 | D:7      | Found Oheoca's Magic Scroll Boutique.
  7420 | D:7      | Found Qeutsaf's Assorted Antiques.
  7430 | D:7      | Bought a masterwork buckler for 237 gold pieces
  7430 | D:7      | Identified the +2 buckler "Gulu" {Rampage rElec Dex+2} (You
                  | bought it in a shop on level 7 of the Dungeon)
  7547 | D:7      | Noticed Dowan
  7547 | D:7      | Noticed Duvessa
  7555 | D:7      | Killed Duvessa
  7556 | D:7      | Reached skill level 1 in Shields
  7561 | D:7      | Killed Dowan
  7603 | D:7      | Found a hazy altar of Hepliaklqana.
  7643 | D:7      | Found a faded altar of an unknown god.
  7858 | D:7      | Found Dupsupuy's Magic Scroll Boutique.
  7919 | D:7      | Found Suw Iwk's Book Shoppe.
  7926 | D:7      | Found Viter's General Store.
  7941 | D:7      | Reached **** piety under Trog
  8098 | D:7      | Reached skill level 8 in Slings
  8372 | D:8      | Reached XP level 10. HP: 57/91 MP: 10/10
  8551 | D:8      | Found a staircase to the Lair.
  8696 | D:8      | Found Wapaohonoo's Weapon Emporium.
  9047 | D:8      | Found an ornate altar of the Wu Jian Council.
  9047 | D:8      | Found a blossoming altar of Fedhas.
  9204 | D:9      | Noticed Pikel
  9211 | D:9      | Killed Pikel
  9212 | D:9      | Reached skill level 9 in Slings
  9231 | D:9      | Noticed a two-headed ogre
  9234 | D:9      | Killed a two-headed ogre
 10276 | D:10     | Entered Level 10 of the Dungeon
 10450 | D:10     | Noticed a two-headed ogre
 10452 | D:10     | Killed a two-headed ogre
 10453 | D:10     | Reached skill level 10 in Slings
 10903 | D:10     | Noticed a cyclops
 10907 | D:10     | Killed a cyclops
 11041 | D:11     | Noticed a boulder beetle
 11065 | D:11     | Killed a boulder beetle
 11066 | D:11     | Reached skill level 11 in Slings
 11066 | D:11     | Reached skill level 1 in Evocations
 11066 | D:11     | Reached XP level 11. HP: 23/102 MP: 11/11
 11652 | D:11     | Noticed a cyclops
 11659 | D:11     | Killed a cyclops
 11797 | D:11     | Noticed a cyclops
 11800 | D:11     | Killed a cyclops
 11856 | D:11     | Noticed a two-headed ogre
 11863 | D:11     | Killed a two-headed ogre
 11943 | D:11     | Noticed a two-headed ogre
 11951 | D:11     | Killed a two-headed ogre
 12206 | D:12     | Noticed a deep elf pyromancer
 12209 | D:12     | Killed a deep elf pyromancer
 12333 | D:12     | Noticed a cyclops
 12342 | D:12     | Killed a cyclops
 12345 | D:12     | Noticed a cyclops
 12349 | D:12     | Killed a cyclops
 12535 | D:12     | Reached ***** piety under Trog
 12542 | D:12     | Reached skill level 12 in Slings
 12569 | D:12     | Found a staircase to the Orcish Mines.
 12762 | D:12     | Noticed a two-headed ogre
 12771 | D:12     | Killed a two-headed ogre
 12862 | D:13     | Noticed a skeletal warrior
 12862 | D:13     | Noticed a skeletal warrior
 12862 | D:13     | Noticed a skeletal warrior
 12862 | D:13     | Noticed a skeletal warrior
 12862 | D:13     | Noticed a boulder beetle
 12867 | D:13     | Noticed a skeletal warrior
 12875 | D:12     | Killed a boulder beetle
 13134 | D:13     | Reached XP level 12. HP: 114/114 MP: 12/12
 13444 | D:13     | Noticed a centaur warrior
 13448 | D:13     | Noticed a centaur warrior
 13452 | D:13     | Killed a centaur warrior
 13819 | D:13     | Reached skill level 5 in Evocations
 13949 | D:13     | Reached skill level 13 in Slings
 14025 | D:13     | HP: 5/116 [skeletal warrior[a skeletal warrior] (19)]
 14466 | D:13     | Reached skill level 10 in Fighting
 14474 | D:13     | Noticed a centaur warrior
 14478 | D:13     | Killed a centaur warrior
 14581 | D:13     | Killed a centaur warrior
 14962 | D:13     | Noticed a boulder beetle
 14985 | D:13     | Killed a boulder beetle
 14986 | D:13     | Gained mutation: You can use your snake-like lower body to
                  | constrict enemies. [Naga growth]
 14986 | D:13     | Reached XP level 13. HP: 114/124 MP: 13/13
 15032 | D:13     | Noticed an ironbound preserver
 15055 | D:13     | Killed an ironbound preserver
 15199 | D:13     | Found a gate to the Vaults.
 15925 | D:14     | Noticed Louise
 15944 | D:14     | Killed Louise
 16163 | D:14     | Reached skill level 5 in Shields
 16262 | D:14     | Reached skill level 14 in Slings
 16333 | D:14     | Acquired a +2 barding of cold resistance
 16719 | D:14     | Found Inoow's Book Shop.
 16781 | D:14     | Noticed Josephine
 16791 | D:14     | Killed Josephine
 16935 | D:15     | Entered Level 15 of the Dungeon
 17226 | D:15     | Noticed a great orb of eyes
 17237 | D:15     | Killed a great orb of eyes
 17506 | D:15     | Reached XP level 14. HP: 138/138 MP: 14/14
 17554 | D:15     | Found the +0 mask of the Dragon {Will+ Slay+3 SInv}
 17680 | D:15     | Identified the +0 leather armour of the Fife {Rampage MP+9
                  | Str+3 Dex+4}
 17852 | D:15     | Found a runed translucent gate.
 17852 | D:15     | Found a runed translucent gate.
 17852 | D:15     | Found a runed translucent gate.
 17853 | D:15     | Noticed Purphixowk's ghost (journeyman DsGl)
 17972 | D:15     | Found Orisk's Assorted Antiques.
 17980 | D:15     | Bought a scroll labelled POAPUJE HYOGI for 30 gold pieces
 18501 | D:15     | Noticed an entropy weaver
 18501 | D:15     | a bunyip changed into an entropy weaver
 18761 | D:15     | Found a staircase to the Depths.
 18965 | Lair:1   | Entered Level 1 of the Lair of Beasts
 18965 | Lair:1   | Noticed Nergalle
 18974 | Lair:1   | Killed Nergalle
 20025 | Lair:2   | Found a staircase to the Snake Pit.
 21216 | Lair:3   | Reached skill level 15 in Slings
 21483 | Lair:3   | Noticed Gastronok
 21489 | Lair:3   | Killed Gastronok
 21920 | Lair:4   | Reached XP level 15. HP: 148/148 MP: 15/15
 22518 | Lair:4   | Found a staircase to the Swamp.
 23369 | Lair:6   | Entered Level 6 of the Lair of Beasts
 23856 | Lair:6   | Acquired a manual of Shields
 23858 | Lair:6   | Noticed Urug
 23868 | Lair:6   | Killed Urug
 23924 | Lair:6   | Found a viscous altar of Jiyva.
 23926 | Lair:6   | Found a staircase to the Slime Pits.
 23935 | Lair:6   | Received a gift from Trog
 25349 | Orc:1    | Entered Level 1 of the Orcish Mines
 25457 | Orc:2    | Entered Level 2 of the Orcish Mines
 25463 | Orc:2    | Noticed Nessos
 25481 | Orc:2    | Killed Nessos
 25600 | Orc:2    | Noticed Azrael
 25606 | Orc:2    | Reached skill level 10 in Evocations
 25626 | Orc:2    | Killed Azrael
 25861 | Orc:2    | Reached XP level 16. HP: 108/160 MP: 16/16
 26011 | Orc:2    | Found Potatwe's Assorted Antiques.
 26015 | Orc:2    | Received a gift from Trog
 26042 | Orc:2    | Found Ginafant's General Store.
 26077 | Orc:2    | Bought a wand of digging (8) for 336 gold pieces
 26191 | Orc:2    | Found Yqarghij's General Store.
 26191 | Orc:2    | Found Xowed's Antique Armour Boutique.
 26206 | Orc:2    | Bought a faintly glowing chain mail for 323 gold pieces
 26206 | Orc:2    | Identified the +6 chain mail of the Lily {rElec rC- Will+
                  | Dex+3} (You bought it in a shop on level 2 of the Orcish
                  | Mines)
 26219 | Orc:2    | Bought a pair of embroidered gloves for 255 gold pieces
 26265 | Orc:2    | Found a staircase to the Elven Halls.
 26303 | Orc:2    | Found Uhusapt's Book Emporium.
 26948 | Orc:2    | Reached skill level 15 in Fighting
 27151 | Orc:1    | Reached skill level 16 in Slings
 27530 | Snake:1  | Entered Level 1 of the Snake Pit
 27733 | Snake:1  | Found a frozen archway.
 27746 | IceCv    | Entered an ice cave
 28764 | IceCv    | Reached skill level 10 in Shields
 28792 | IceCv    | Reached skill level 5 in Armour
 29139 | Snake:1  | Received a gift from Trog
 29186 | Snake:1  | Found Roinihib's Weapon Shoppe.
 29503 | Snake:2  | Noticed Donald
 29515 | Snake:2  | Killed Donald
 29630 | Snake:2  | Identified the +8 war axe of Recklessness {freeze, Drain
                  | +Rage rC+++}
 30008 | Snake:2  | Noticed Aizul
 30023 | Snake:2  | Killed Aizul
 30326 | Snake:2  | Identified the +1 leather armour of the Crushed Beds {rCorr
                  | SInv}
 30630 | D:5      | Bought a potion of mutation for 104 gold pieces
 30630 | D:5      | Lost mutation: You sometimes lose the ability to read
                  | scrolls when taking damage. [potion of mutation]
 30630 | D:5      | Lost mutation: You are weak. (Str -2) [potion of mutation]
 30630 | D:5      | Lost mutation: You expend magic power (3 MP) to strengthen
                  | your wands. [potion of mutation]
 30630 | D:5      | Gained mutation: You possess an exceptional clarity of
                  | mind. [potion of mutation]
 30630 | D:5      | Gained mutation: You expend magic power (3 MP) to
                  | strengthen your wands. [potion of mutation]
 30713 | D:7      | Bought a scroll of enchant armour for 90 gold pieces
 31284 | Snake:3  | Reached XP level 17. HP: 156/170 MP: 17/17
 31449 | Snake:3  | Found a runed translucent gate.
 31449 | Snake:3  | Found a runed translucent gate.
 31449 | Snake:3  | Found a runed translucent gate.
 31743 | Snake:4  | Entered Level 4 of the Snake Pit
 31908 | Snake:4  | Noticed Asterion
 31934 | Snake:4  | Killed Asterion
 32242 | Snake:3  | Reached skill level 17 in Slings
 32492 | Snake:4  | Identified the +5 great mace of Iloocoiq {vorpal, Will+
                  | Dex+2} (Trog gifted it to you on level 4 of the Snake Pit)
 32492 | Snake:4  | Received a gift from Trog
 32523 | Snake:4  | Noticed Nikola
 32533 | Snake:4  | Killed Nikola
 32878 | Snake:4  | Reached XP level 18. HP: 36/178 MP: 18/18
 33105 | Snake:4  | Got a serpentine rune of Zot
 33206 | Snake:4  | Found Jeshrobbe's Magic Scroll Emporium.
 33404 | Snake:4  | Noticed Agnes
 33414 | Snake:4  | Killed Agnes
 33972 | Elf:1    | Entered Level 1 of the Elven Halls
 33979 | Elf:1    | Found a shimmering blue altar of Sif Muna.
 34049 | Elf:1    | Noticed Jorgrun
 34057 | Elf:1    | Killed Jorgrun
 34252 | Elf:1    | Identified the +10 falchion of Ornamental Prudence
                  | {protect, Int-4 Dex+4 Stlth+}
 34298 | Elf:1    | Reached ****** piety under Trog
 34376 | Elf:1    | Found a runed translucent gate.
 34376 | Elf:1    | Found a runed translucent gate.
 34376 | Elf:1    | Found a runed translucent gate.
 34376 | Elf:1    | Found a runed translucent gate.
 34376 | Elf:1    | Found a runed translucent gate.
 34378 | Elf:1    | Found a runed translucent gate.
 34609 | Elf:1    | Reached skill level 18 in Slings
 34694 | Elf:1    | Received a gift from Trog
 35120 | Elf:2    | Paralysed by an air elemental for 1 turns
 35133 | Elf:2    | Reached XP level 19. HP: 164/186 MP: 19/19
 35576 | Elf:2    | Received a gift from Trog
 35878 | Elf:2    | Found a portal to a secret trove of treasure.
 36016 | Elf:2    | Found a runed translucent gate.
 36106 | Elf:2    | Found a runed translucent gate.
 36106 | Elf:2    | Found a runed translucent gate.
 36744 | Elf:3    | Entered Level 3 of the Elven Halls
 36750 | Elf:3    | Received a gift from Trog
 36911 | Elf:3    | Found Ciso's Weapon Shoppe.
 36948 | Elf:3    | Found Bumiul's Antique Armour Shoppe.
 36950 | Elf:3    | Found Uretz's Jewellery Shoppe.
 36950 | Elf:3    | Found Xuawudag's Armour Emporium.
 36953 | Elf:3    | Found Sead's Antique Armour Emporium.
 36967 | Elf:3    | Bought the amulet of Wonah {Reflect rElec Int+7 SH+5} for
                  | 821 gold pieces
 37007 | Elf:3    | Bought an aquamarine-encrusted troll leather armour for 620
                  | gold pieces
 37007 | Elf:3    | Identified the +1 troll leather armour "Inaytuir" {rF-
                  | Regen+ Str+4 Dex+6} (You bought it in a shop on level 3 of
                  | the Elven Halls)
 37029 | Elf:3    | Found Diczif's Assorted Antiques.
 37046 | Elf:3    | Found Oseifuk's Antique Armour Emporium.
 37075 | Elf:3    | Reached skill level 15 in Shields
 37185 | Elf:3    | Bought an amber-encrusted scale mail for 261 gold pieces
 37185 | Elf:3    | Identified the +1 scale mail "Suiwetiy" {*Corrode rElec
                  | Dex+4} (You bought it in a shop on level 3 of the Elven
                  | Halls)
 37185 | Elf:3    | Bought a spiked chain mail for 275 gold pieces
 37185 | Elf:3    | Identified the +1 chain mail of Knowledge {rF+ Will+ Dex+2}
                  | (You bought it in a shop on level 3 of the Elven Halls)
 37386 | Elf:3    | Noticed a Hell Sentinel
 37412 | Elf:3    | Reached skill level 19 in Slings
 37422 | Elf:3    | Found Cem Zyz's Magic Scroll Shop.
 37636 | Elf:3    | Identified the +10 falchion "Jouch" {vorpal, rF+ Str+6}
 37665 | Elf:3    | Killed from afar by a deep elf sorcerer

Illustrated notes

Levels and vault maps discovered:
D:1:      minmay_arrival_hallway, layout_loops_ring,
          chequers_serial_rivers_small_b
D:2:      layout_loops_cross, hellmonk_ecumenical_altar_heavens_door,
          uniq_crazy_yiuf_cottage
D:3:      layout_loops_ring, grunt_gozag_breadcrumbs,
          gammafunk_temple_overflow_statue, serial_aquarium,
          aquarium_bridge_long_separate [aquarium_subvault_bridge,
          aquarium_subvault_bridge, aquarium_subvault_wall,
          aquarium_subvault_bridge, aquarium_subvault_wall,
          aquarium_subvault_window], aquarium_window_1, aquarium_window_corner,
          aquarium_view_2c, aquarium_view_2c, roderic_roman_lattice,
          st_stairs_9, uniq_sigmund, uniq_natasha
D:4:      layout_loops_cross, mainiacjoe_overflow_six_doors_small,
          minmay_temple_entry_overgrown, grunt_ministairs_9, minmay_door_square,
          uniq_edmund
D:5:      layout_loops_ring, mainiacjoe_overflow_chevrons,
          nicolae_sif_muna_condensation, mainiacjoe_overflow_surrounded_room,
          gup_sewer_entry_spiral, serial_shops,
          nicolae_shop_competitors_out_of_business, nicolae_take_the_stairs,
          nicolae_shop_temple_entry_statues_fountains, nicolae_lakefront_shop,
          item_on_display_a, uniq_ijyb
D:6:      layout_gridville, mainiacjoe_overflow_brackets,
          minmay_tree_intersection, grunt_ministairs_6
D:7:      layout_loops_ring, beargit_hepliaklqana_dungeon_heroes, serial_shops,
          shop, shop_fountains, nicolae_shop_trees, shop_fountains,
          kennysheep_mini, grunt_ministairs_11, uniq_duvessa
D:8:      layout_gridville, gammafunk_temple_overflow_wave, lair_entry_dummy,
          serial_shops, nicolae_shop_trees, minmay_misc_feat_enclosed
D:9:      layout_layer_cave, minivault_27, uniq_pikel
D:10:     layout_long_grid
D:11:     layout_rooms, minmay_misc_feat_square
D:12:     layout_basic, david_orc_2
D:13:     layout_stronghold, skrybe_vaults_entry_preservation
D:14:     layout_stronghold, serial_shops, shop, serial_bayou_shore_b,
          eino_tiny_chamber, uniq_josephine, uniq_louise
D:15:     gammafunk_enter_depths_forms, layout_loops_cross,
          gammafunk_ghost_necromancy, serial_shops, shop
Lair:1:   layout_regular_city, dpeg_stationary_puzzle,
          infiniplex_staircase_pool_2, uniq_nergalle
Lair:2:   dpeg_oklob_gauntlet, layout_cave_pods,
          minmay_snake_entry_guardpost_small, grunt_megastairs_1,
          serial_bayou_shore_b
Lair:3:   layout_loops_ring, grunt_megastairs_2, uniq_gastronok
Lair:4:   layout_regular_city, minmay_swamp_entry_worms, lemuel_fruit_tree,
          lemuel_fruit_fields, grunt_megastairs_3
Lair:5:   layout_roguey, serial_bayou_ford_a, serial_bayou_shore_a
Lair:6:   grunt_lair_end_beastmaster, layout_layer_cave, slime_altar_1,
          chequers_serial_rivers_large_b, uniq_urug
Snake:1:  layout_misc_corridors, portal_ice_cave_entry_ice_statue_one,
          serial_shops, shop
Snake:2:  layout_gridlike, uniq_aizul, uniq_donald
Snake:3:  layout_gridlike, drop_trap, st_stairs_5, nicolae_snake_horde_hoard
Snake:4:  grunt_snake_rune_pools, layout_grid_shapes, serial_shops,
          nicolae_shop_statue_plus, grunt_megastairs_5, serial_bayou_shore_b,
          uniq_agnes, uniq_nikola, uniq_asterion
Orc:1:    layout_caves
Orc:2:    st_orc_town, layout_caves, basic_altar, serial_shops, shop,
          uniq_azrael, uniq_nessos
Elf:1:    layout_loops_cross, basic_altar, orc_legates, uniq_jorgrun
Elf:2:    nicolae_elf_blades_splatter_lattice
          [nicolae_blade_entry_area_security], layout_loops_cross,
          nicolae_trove_entry_free_sample, nicolae_elf_big_sculpture_1,
          onia_ninara_cookie
Elf:3:    minmay_elf_hall_curves, layout_geoelf_diagonals, serial_shops, shop,
          nicolae_shop_crystal, shop,
          nicolae_shop_temple_entry_statues_fountains, nicolae_shop_stone,
          nicolae_elf_blasts_and_bolts, minmay_shoptagon

Skill      XL: |  1  2  3  4  5  6  7  8  9 10 11 12 13 14 15 16 17 18 19 |
---------------+----------------------------------------------------------+-----
Stealth        | 1 2 3 4 |  4.9
Maces & Flails | 4 5 |  5.6
Armour         | 2 3 4 6 7 8 9 |  9.4
Slings         | 1 4 6 8 11 12 13 14 15 16 17 18 19 | 19.1
Dodging        | 2 3 4 |  4.1
Fighting       | 4 5 6 7 9 10 12 13 14 15 | 15.0
Shields        | 2 3 4 5 6 8 11 13 14 15 | 15.0
Evocations     | 1 4 5 7 8 10 11 12 13 | 13.2

Action                   |  1- 3 |  4- 6 |  7- 9 | 10-12 | 13-15 | 16-18 | 19-21 || total
-------------------------+-------+-------+-------+-------+-------+-------+-------++-------
Melee: Mace              |    70 |    41 |     5 |     6 |       |       |       ||   122
 Fire: Hunting sling     |       |    42 |   297 |   473 |  1138 |  1374 |   503 ||  3827
Invok: Berserk           |     4 |     2 |       |     1 |       |       |       ||     7
       Trog's Hand       |       |     1 |       |     2 |     7 |    12 |     7 ||    29
       Brothers in Arms  |       |       |       |     2 |     5 |     8 |     2 ||    17
 Abil: Spit Poison       |     8 |     7 |       |     3 |     3 |     1 |       ||    22
Evoke: Condenser vane    |       |       |       |       |     3 |     3 |     1 ||     7
       Box of beasts     |       |       |       |       |       |     2 |     1 ||     3
       Phial of floods   |       |       |       |       |       |       |     1 ||     1
  Use: Scroll            |     2 |     1 |     8 |     3 |    11 |     7 |     5 ||    37
       Potion            |       |     1 |     2 |     5 |     3 |     7 |     5 ||    23
Armor: Animal skin       |     2 |       |       |       |       |       |       ||     2
       Ring mail         |    24 |    44 |       |       |       |       |       ||    68
       Ice dragon scales |       |       |    15 |       |       |       |       ||    15
       Scale mail        |       |       |    33 |       |       |       |       ||    33
       Chain mail        |       |       |       |    18 |   163 |   302 |    53 ||   536
Dodge: Dodged            |    30 |    49 |    38 |    17 |    48 |   115 |    25 ||   322
Block: Buckler           |       |       |    10 |    43 |   121 |    99 |       ||   273
       Reflection        |       |       |       |     9 |    12 |    49 |    18 ||    88
       Kite shield       |       |       |       |       |       |   264 |   101 ||   365
